[Event "*** SCC Grand Prix: Titled Tuesday Blitz"]
[Site "Chess.com"]
[Date "2020.06.02"]
[Round "7"]
[White "karinachess1"]
[Black "hectorfiori"]
[Result "1/2-1/2"]
[WhiteElo "2503"]
[BlackElo "2380"]
[TimeControl "180+1"]
[EndTime "11:20:38 PDT"]
[Termination "Game drawn by repetition"]

1. Nf3 c6 2. c4 Nf6 3. g3 d5 4. d4 Bf5 5. cxd5 cxd5 6. Nc3 e6 7. Qb3 Qb6 8. Qxb6 axb6 9. Bd2 Nc6 10. Nb5 Rc8 11.
Rc1 Kd7 12. h3 h6 13. e3 Bd6 14. Be2 Ne4 15. g4 Bh7 16. O-O f6 17. a3 g5 18. b4 Ne7 19. Nxd6 Nxd6 20. a4 Ra8 21. a5 Rhc8 22. Rxc8 Rxc8 23. Rc1 Rxc1+ 24. Bxc1 b5 25.
Bd2 Nc6 26. Kf1 Nc4 27. Be1 Bc2 28. h4 Be4 29. hxg5 hxg5 30. Nd2 Bc2 31. Nf3 Be4 32.
Ng1 Kd6 33. Nf3 Bxf3 34. Bxf3 e5 35. Bc3 e4 36. Be2 Nb8 37. Kg2 Na6 38. Kg3 Kc6 39. Bf1 Kd6 40. Be2 Nb8 41. Bf1 Na6 42. Be2 1/2-1/2

[Event "*** SCC Grand Prix: Titled Tuesday Blitz"]
[Site "Chess.com"]
[Date "2020.06.02"]
[Round "7"]
[White "Kapibara_Warri0r"]
[Black "grandcoach"]
[Result "1-0"]
[WhiteElo "2122"]
[BlackElo "2064"]
[TimeControl "180+1"]
[EndTime "11:20:38 PDT"]
[Termination "Kapibara_Warri0r won by resignation"]

1. e4 c5 2. Nf3 Nc6 3. d4 cxd4 4.
Nxd4 e5 5. Nb5 d6 6. c4 Be7 7.
Bd3 Nf6 8. N1c3 a6 9. Na3 O-O 10. Nd5 Nxd5 11. cxd5 Nd4 12. Nc2 Nxc2+ 13. Bxc2 Bg5 14.
O-O Bd7 15. Bd3 Rc8 16. b3 f5 17. Ba3 fxe4 18. Bxe4 Bb5 19. Bd3 Qb6 20. Bxb5 axb5 21.
Qg4 b4 22. Bxb4 Be7 23. Qe6+ Kh8 24. Bd2 Bh4 25. Be3 Qa6 26. Qg4 Bf6 27. a4 Rc3 28.
Rac1 Rxc1 29. Rxc1 h6 30. Rc8 Rxc8 31. Qxc8+ Kh7 32.
Qc2+ e4 33. Qxe4+ Kh8 34. Qe8+ Kh7 35. Qe4+ Kh8 36. Qc2 Be5 37. g3 Qa5 38. Kg2 Qe1 39.
Qc8+ Kh7 40. Qxb7 Qc3 41. Qb5 Qd3 42. Qxd3+ 1-0

[Event "*** SCC Grand Prix: Titled Tuesday Blitz"]
[Site "Chess.com"]
[Date "2020.06.02"]
[Round "7"]
[White "amintabatabaei"]
[Black "BocharovD"]
[Result "0-1"]
[WhiteElo "2920"]
[BlackElo "2793"]
[TimeControl "180+1"]
[EndTime "11:20:39 PDT"]
[Termination "BocharovD won on time"]

1. c4 c5 2. Nc3 g6 3. g3 Bg7 4. Bg2 Nc6 5. Nf3 d6 6. O-O e5 7. d3 Nge7 8. a3 O-O 9. Rb1 a5 10. e3 h6 11. b3 Be6 12. Nd2 d5 13. Bb2 Rb8 14. Qe2 d4 15. Nb5 Qd7 16. Rfe1 Rbd8 17. Ne4 b6 18. Rbd1 Bg4 19. Bf3 Bxf3 20. Qxf3 f5 21. Ned6 dxe3 22. Qxe3 Qe6 23. d4 cxd4 24.
Bxd4 f4 25. Qe4 f3 26. Qh4 Nxd4 27. Rxd4 Nf5 28. Nxf5 Rxd4 29. Nfxd4 Qd7 30. Nc2 Qd2 31. Qe4 Rd8 32. Rf1 Rd3 33. Ne3 Qe2 34. Qg4 Rxe3 35. Qxg6 Rd3 36. Qe6+ Kh8 37. Qf5 Qxf1+ 0-1

[Event "*** SCC Grand Prix: Titled Tuesday Blitz"]
[Site "Chess.com"]
[Date "2020.06.02"]
[Round "7"]
[White "Kobalia"]
[Black "csati17"]
[Result "1-0"]
[WhiteElo "2776"]
[BlackElo "2578"]
[TimeControl "180+1"]
[EndTime "11:20:39 PDT"]
[Termination "Kobalia won on time"]

1. e4 e6 2. d3 d5 3. Nd2 Nf6 4. Ngf3 b6 5. e5 Nfd7 6. d4 Bb7 7. c3 c5 8. Bd3 Nc6 9. O-O Be7 10. Re1 h5 11.
dxc5 bxc5 12. c4 d4 13. Ne4 Ncxe5 14. Nxe5 Nxe5 15. Nxc5 Bxc5 16. Rxe5 Bd6 17. Rxh5 Rxh5 18. Qxh5 Qc7 19. Qh8+ Bf8 20. Bg5 Kd7 21. Qh5 f6 22. Qf7+ Be7 23. Re1 Rh8 24. Qxe6+ Kd8 25. Bf4 Qxf4 26.
Qxe7+ Kc8 27. g3 Qd2 28. Bf5+ Kb8 29. h4 Qa5 30. Bh3 d3 31. b4 Qxa2 32. Qd6+ Ka8 33. Qxd3 Qb2 34. b5 g5 35. Bg2 Bxg2 36. Kxg2 gxh4 37.
Qd5+ Kb8 38. Qd6+ Ka8 39. Qc6+ Kb8 40. Qd6+ Ka8 41. Qd5+ Kb8 42. gxh4 f5 43. Re7 1-0

[Event "*** SCC Grand Prix: Titled Tuesday Blitz"]
[Site "Chess.com"]
[Date "2020.06.02"]
[Round "7"]
[White "GMHess"]
[Black "wild_cat99"]
[Result "0-1"]
[WhiteElo "2720"]
[BlackElo "2587"]
[TimeControl "180+1"]
[EndTime "11:20:39 PDT"]
[Termination "wild_cat99 won by resignation"]

1. e4 c5 2. Nc3 d6 3. f4 a6 4. Nf3 Nf6 5. g3 e6 6. Bg2 Be7 7. O-O O-O 8. Qe2 Qc7 9. h3 b5 10. g4 Bb7 11. d3 Nfd7 12. Be3 d5 13. Bd2 b4 14. Nd1 c4 15. Nf2 Nb6 16. h4 N8d7 17.
h5 dxe4 18. dxe4 Bc5 19. c3 a5 20. Be3 Na4 21. Bxc5 Ndxc5 22. cxb4 axb4 23. Rfc1 c3 24. bxc3 Nxc3 25. Qc4 Ba6 26. Qxb4 Ne2+ 27. Kh1 Nxc1 28. Rxc1 Rac8 29. e5 Qa7 30. Qd4 Qd7 31. Qxd7 Nxd7 32.
Rb1 Rc2 33. Ne4 Rxa2 34. Nd6 Nc5 35. Ng5 h6 36. Nh3 Nd3 37. Be4 Nf2+ 38. Nxf2 Rxf2 39.
f5 exf5 40. gxf5 Rd8 41. Rg1 f6 42. Bd5+ Kh7 43. exf6 gxf6 44. Ne4 Rxf5 45. Be6 Rxh5+ 46. Kg2 Bb7 47. Kf3 f5 48. Kf4 Bxe4 0-1

[Event "*** SCC Grand Prix: Titled Tuesday Blitz"]
[Site "Chess.com"]
[Date "2020.06.02"]
[Round "7"]
[White "tsvet2005"]
[Black "Zurability"]
[Result "1-0"]
[WhiteElo "2568"]
[BlackElo "2702"]
[TimeControl "180+1"]
[EndTime "11:20:39 PDT"]
[Termination "tsvet2005 won by checkmate"]

1. d4 Nf6 2. c4 e6 3. Nc3 Bb4 4. f3 c5 5. d5 b5 6. e4 O-O 7. Nh3 d6 8. Nf4 e5 9. Ne2 bxc4 10. Ng3 Nbd7 11. Bxc4 Nb6 12. Be2 Ne8 13. O-O Bxc3 14. bxc3 Nc7 15. f4 f6 16. fxe5 fxe5 17. Be3 Bd7 18.
Qd2 Rb8 19. Bg5 Qe8 20. Rxf8+ Qxf8 21. Rf1 Qe8 22. Bh5 g6 23. Be2 Na4 24. Bf6 Bb5 25. Qh6 Qf8 26. Qh4 Bxe2 27. Nxe2 Qe8 28. c4 Qd7 29. Ng3 Rf8 30. Qh6 Ne8 31. Bg5 Rxf1+ 32. Nxf1 Nb6 33. Ne3 Qf7 34. Qh4 Qd7 35. Be7 Qa4 36.
Qh6 Nd7 37. Qh3 Kf7 38. Qe6+ Kg7 39. Bxd6 Nxd6 40. Qxd6 Kf7 41. Qe6+ Kg7 42. d6 Qc6 43. Nd5 Qa4 44. Ne3 Kh6 45. Nf5+ Kg5 46. Qe7+ Kf4 47. Qh4# 1-0

[Event "*** SCC Grand Prix: Titled Tuesday Blitz"]
[Site "Chess.com"]
[Date "2020.06.02"]
[Round "7"]
[White "Alex_Molchanov"]
[Black "EvgenyRomanov"]
[Result "0-1"]
[WhiteElo "2516"]
[BlackElo "2671"]
[TimeControl "180+1"]
[EndTime "11:20:39 PDT"]
[Termination "EvgenyRomanov won on time"]

1. d4 Nf6 2. Nf3 e6 3. g3 d5 4. Bg2 b5 5. O-O c5 6. c3 Nc6 7.
Bg5 h6 8. Bf4 Be7 9. Nbd2 O-O 10.
Ne5 Bb7 11. Nxc6 Bxc6 12. Re1 Qb6 13. Be3 c4 14. a3 Ng4 15. Nf3 Nxe3 16. fxe3 Bd6 17.
Rf1 a5 18. Qd2 f6 19. Nh4 b4 20. Ng6 bxc3 21. bxc3 Rfb8 22. Nf4 Bxf4 23. exf4 Qb2 24. Qe3 Kf7 25. Bh3 Bd7 26. Bg4 Rb3 27. Rfc1 Rab8 28. Bh5+ Kg8 29. Bg4 R8b6 30. f5 exf5 31. Qe7 Rxc3 32. Rxc3 Qxa1+ 33. Kg2 Qxc3 34. Bh5 Qc2 35.
Qd8+ Kh7 36. Qxb6 f4 37. Qc7 Bf5 38. gxf4 Be4+ 39. Kg3 Qc3+ 40. Bf3 Qxd4 41. Qc8 c3 0-1

[Event "*** SCC Grand Prix: Titled Tuesday Blitz"]
[Site "Chess.com"]
[Date "2020.06.02"]
[Round "7"]
[White "Quaternitychess"]
[Black "zaur-mammadov"]
[Result "1-0"]
[WhiteElo "2813"]
[BlackElo "2596"]
[TimeControl "180+1"]
[EndTime "11:20:40 PDT"]
[Termination "Quaternitychess won on time"]

1. e4 c6 2. d4 d5 3. e5 Bf5 4.
h4 Qb6 5. a4 a5 6. Nc3 Na6 7. g4 Bd7 8. Ra3 e6 9. Rb3 Bb4 10. Be3 h5 11. gxh5 Ne7 12. Qg4 O-O-O 13. Nf3 c5 14. dxc5 Nxc5 15. Bd3 Nxd3+ 16. cxd3 Qa6 17. O-O Nf5 18. Rc1 Kb8 19. Rxb4 axb4 20. Qxb4 d4 21. Nxd4 Nxd4 22. Bxd4 Bc6 23. Bc5 Rxh5 24.
Bd6+ Kc8 25. Ne4 Rxh4 26. f3 Rdh8 27. Kf2 f5 28. exf6 gxf6 29. Bg3 Rh3 30. Qd6 Qb6+ 31. Ke1 Re8 32. Rc2 Rh1+ 33. Ke2 f5 34. a5 Qxa5 35. Rxc6+ bxc6 36. Qxc6+ Kd8 37. Qd6+ Kc8 38. Qc6+ Kd8 39. Qd6+ Kc8 40. Nc5 1-0

[Event "*** SCC Grand Prix: Titled Tuesday Blitz"]
[Site "Chess.com"]
[Date "2020.06.02"]
[Round "7"]
[White "stanyga"]
[Black "DvaHrasta"]
[Result "1-0"]
[WhiteElo "2661"]
[BlackElo "2489"]
[TimeControl "180+1"]
[EndTime "11:20:40 PDT"]
[Termination "stanyga won on time"]

1. d4 Nf6 2. c4 e6 3. g3 d5 4. Bg2 Nc6 5. Nf3 Rb8 6. Nbd2 Be7 7.
O-O O-O 8. b3 Ne4 9. Bb2 f5 10.
e3 Bd7 11. Rc1 Be8 12. Ne1 g5 13. f3 Nf6 14. Nd3 Bh5 15. Qc2 Bg6 16. f4 Ne4 17.
Nf3 Bf6 18. fxg5 Bxg5 19. Nxg5 Qxg5 20. Nf4 Bf7 21. a3 h5 22. Kh1 Kg7 23. b4 Rh8 24. cxd5 exd5 25. Bxe4 fxe4 26. b5 Ne7 27. Qxc7 Rbc8 28. Qe5+ Qxe5 29. dxe5 Kh6 30. e6 Bg6 31. Bxh8 Rxh8 32. Rc7 Nf5 33. Nxd5 Rd8 34. Rxf5 Bxf5 35.
e7 Rg8 36. Nf6 1-0

[Event "*** SCC Grand Prix: Titled Tuesday Blitz"]
[Site "Chess.com"]
[Date "2020.06.02"]
[Round "7"]
[White "PlayChessSimple"]
[Black "XDPS"]
[Result "1-0"]
[WhiteElo "2531"]
[BlackElo "2667"]
[TimeControl "180+1"]
[EndTime "11:20:40 PDT"]
[Termination "PlayChessSimple won on time"]

1. e4 e5 2. Nf3 Nc6 3. Nc3 Nf6 4. Bb5 Bd6 5. d3 O-O 6. Ba4 Re8 7. g4 Bf8 8. g5 Nh5 9. Bxc6 bxc6 10. Nxe5 Rxe5 11.
Qxh5 d5 12. Bd2 Rb8 13. O-O-O d4 14. Ne2 Reb5 15. b3 a5 16. a4 R5b7 17. Bxa5 Ba3+ 18. Kb1 Ra8 19. Ka2 Rxa5 20. Kxa3 Rxa4+ 21. Kb2 Ra5 22. f4 c5 23. Ra1 Rab5 24. Ra8 R5b6 25. g6 hxg6 26. Qxc5 Rb8 27. Rxb8 Rxb8 28. Qxd4 Qh4 29. Nc3 Be6 30. Qe3 Qh5 31. d4 c6 32. h4 Qa5 33.
Ra1 Qb4 34. d5 cxd5 35. exd5 Bf5 36. Ra4 Qd6 37. Qe5 Qd8 38. Ra7 Rc8 39. d6 Qb6 40.
Rc7 Rf8 41. Nd5 Qf2 42. Ne7+ Kh8 43. Nxf5 gxf5 44. d7 Kh7 45. Rc8 1-0

[Event "*** SCC Grand Prix: Titled Tuesday Blitz"]
[Site "Chess.com"]
[Date "2020.06.02"]
[Round "7"]
[White "CMS13"]
[Black "chessfrendz"]
[Result "1-0"]
[WhiteElo "2243"]
[BlackElo "2391"]
[TimeControl "180+1"]
[EndTime "11:20:40 PDT"]
[Termination "CMS13 won on time"]

1. e4 d6 2. Nc3 c5 3. f4 g6 4.
Nf3 Bg7 5. Bb5+ Bd7 6. Bc4 e6 7. O-O Ne7 8. d3 Nbc6 9. Qe1 Nd4 10. Nxd4 cxd4 11. Ne2 a5 12. a4 O-O 13. f5 exf5 14. Bg5 fxe4 15. Qh4 exd3 16. Bxe7 dxe2 17. Bxd8 exf1=Q+ 18. Rxf1 Raxd8 19. Rxf7 Kh8 20. Qe7 Rfe8 21. Qh4 d3 22.
Bxd3 Kg8 23. Rf1 d5 24. Qf2 Be6 25. Qb6 Bc8 26. Qxa5 Bxb2 27. Qb4 Bg7 28. Bb5 Rf8 29.
Re1 Rf7 30. Qd2 Rdf8 31. h3 d4 32. Bc4 Bf5 33. Bxf7+ Kxf7 34. Qe2 Bf6 35. Qc4+ Kg7 36. Qc7+ Rf7 37. Qc4 Rd7 38. a5 h5 39. a6 bxa6 40.
Qxa6 h4 41. Rf1 d3 42. cxd3 Bxd3 43. Qxf6+ Kh7 44. Rf4 1-0

[Event "*** SCC Grand Prix: Titled Tuesday Blitz"]
[Site "Chess.com"]
[Date "2020.06.02"]
[Round "7"]
[White "Kopytkin"]
[Black "rugbyclub"]
[Result "1-0"]
[WhiteElo "2316"]
[BlackElo "2114"]
[TimeControl "180+1"]
[EndTime "11:20:40 PDT"]
[Termination "Kopytkin won by checkmate"]

1. e4 e5 2. Nf3 Nc6 3. Bc4 Bc5 4.
d3 Nf6 5. Nc3 a6 6. Be3 Bxe3 7.
fxe3 d6 8. O-O Ne7 9. Ng5 O-O 10.
Qe1 Ng6 11. Ne2 c6 12. Bb3 h6 13. Nf3 d5 14. Ng3 Re8 15. Rd1 a5 16. a3 a4 17. Ba2 Qb6 18. b4 axb3 19. Bxb3 Rxa3 20. Rb1 Qc5 21. h3 dxe4 22. dxe4 b5 23. Kh2 Be6 24. Nf5 Nxe4 25. Bxe6 Rxe6 26. N3h4 Nxh4 27. Qxh4 Nd2 28. Qd8+ Qf8 29. Qxd2 Kh7 30. e4 Qc5 31. Rf3 Ra2 32. Rc1 b4 33. Rg3 g5 34. h4 Ra3 35.
hxg5 Rxg3 36. Nxg3 hxg5 37. Qxg5 Rh6+ 38. Nh5 Qd6 39.
g4 Qd4 40. Rf1 Qc3 41. Rxf7+ Kh8 42. Qxh6+ Kg8 43. Qg7# 1-0

[Event "*** SCC Grand Prix: Titled Tuesday Blitz"]
[Site "Chess.com"]
[Date "2020.06.02"]
[Round "7"]
[White "Twitch_ElhamBlitz05"]
[Black "Sweafty"]
[Result "1-0"]
[WhiteElo "2674"]
[BlackElo "2504"]
[TimeControl "180+1"]
[EndTime "11:20:41 PDT"]
[Termination "Twitch_ElhamBlitz05 won on time"]

1. e4 d6 2. d4 Nf6 3. Bd3 e5 4. Nf3 exd4 5. Nxd4 Be7 6. Nc3 O-O 7. f3 Nc6 8. Be3 Nxd4 9. Bxd4 Be6 10. Qd2 a6 11.
O-O-O b5 12. Kb1 c5 13. Be3 b4 14. Nd5 Bxd5 15. exd5 Nd7 16. h4 Ne5 17. f4 Ng4 18. Bf5 Nxe3 19. Qxe3 Bf6 20. g4 Bd4 21. Qd3 g6 22. Be4 Qf6 23. g5 Qxf4 24. h5 Qxg5 25. c3 bxc3 26. bxc3 Rab8+ 27. Kc2 Rfc8 28. hxg6 hxg6 29.
Rd2 Bg7 30. Rg2 Qe5 31. Rf1 c4 32. Qf3 f6 33. Rxg6 Rc7 34. Rfg1 Rcb7 35. Kc1 Kf8 36.
R1g2 a5 37. Rg1 a4 38. Rh1 a3 39. Rh7 Rb2 40. Rhxg7 1-0

[Event "*** SCC Grand Prix: Titled Tuesday Blitz"]
[Site "Chess.com"]
[Date "2020.06.02"]
[Round "7"]
[White "kleopl"]
[Black "Everyfishknows"]
[Result "0-1"]
[WhiteElo "2451"]
[BlackElo "2338"]
[TimeControl "180+1"]
[EndTime "11:20:41 PDT"]
[Termination "Everyfishknows won by checkmate"]

1. c4 Nf6 2. Nc3 g6 3. g3 Bg7 4.
Bg2 O-O 5. e4 d6 6. Nge2 c5 7.
O-O Nc6 8. d3 a6 9. h3 Rb8 10. a4 Bd7 11. f4 Ne8 12. f5 Nd4 13. g4 Be5 14. Kh1 e6 15. Nxd4 cxd4 16. Ne2 Qh4 17.
Bd2 Nf6 18. Kg1 Nxg4 19. Be1 Qh6 20. Bd2 Ne3 21. Qc1 gxf5 22. Bxe3 dxe3 23. exf5 Kh8 24. d4 Bf6 25. Ra3 Rg8 26. Qxe3 Qxe3+ 27. Rxe3 Bc6 28. Rf2 Bh4 29. Nf4 Bxf2+ 30. Kxf2 Bxg2 31. Nxg2 exf5 32. Rf3 Rge8 33. Rxf5 Kg7 34. d5 Re4 35. b3 Rbe8 36. Rg5+ Kf6 37. Rg3 Re2+ 38. Kf1 Rb2 39. Rf3+ Kg7 40.
Nf4 Re4 41. Nh5+ Kf8 42. Nf6 Rd4 43. Ke1 Rdd2 44. Nxh7+ Kg7 45. Nf6 Rh2 46. Nh5+ Kh6 47. Ng3 Rb1# 0-1

[Event "*** SCC Grand Prix: Titled Tuesday Blitz"]
[Site "Chess.com"]
[Date "2020.06.02"]
[Round "7"]
[White "ZverevLev"]
[Black "Tsyhanchuk_Stanislav"]
[Result "1-0"]
[WhiteElo "2238"]
[BlackElo "2426"]
[TimeControl "180+1"]
[EndTime "11:20:41 PDT"]
[Termination "ZverevLev won by resignation"]

1. e4 c5 2. Nf3 Nc6 3. d4 cxd4 4.
Nxd4 Qb6 5. Nb3 Nf6 6. Nc3 e6 7. Be3 Qc7 8. Bd3 Be7 9. O-O O-O 10. f4 d6 11. Kh1 a6 12. a3 b5 13. Qf3 Bb7 14.
Nd4 Rac8 15. Qg3 Rfe8 16. Nxc6 Bxc6 17. e5 Nd5 18. Nxd5 Bxd5 19. Bd4 Bf8 20. f5 exf5 21.
Bxf5 Rcd8 22. exd6 Qxd6 23. Qxd6 Rxd6 24. Bc5 Rf6 25. Bxf8 Kxf8 26. Bd3 Rxf1+ 27. Rxf1 g6 28. Kg1 Kg7 29. Kf2 f5 30. g3 Kf6 31. h3 g5 32. Rd1 Re5 33. Be2 f4 34. gxf4 gxf4 35.
Bf3 Bxf3 36. Kxf3 Kf5 37. Rd3 h5 38. h4 a5 39. b4 a4 40. c3 Re3+ 41. Rxe3 fxe3 42.
Kxe3 Kg4 43. c4 bxc4 44. b5 Kxh4 45. b6 Kg4 46. b7 h4 47. b8=Q h3 48. Qf4+ Kh5 49.
Qxc4 1-0

[Event "*** SCC Grand Prix: Titled Tuesday Blitz"]
[Site "Chess.com"]
[Date "2020.06.02"]
[Round "7"]
[White "MilanJeremic"]
[Black "Alexey_Spirin"]
[Result "1-0"]
[WhiteElo "2242"]
[BlackElo "2012"]
[TimeControl "180+1"]
[EndTime "11:20:41 PDT"]
[Termination "MilanJeremic won on time"]

1. d4 Nf6 2. Nf3 b6 3. Bf4 Bb7 4. e3 e6 5. Bc4 c5 6. O-O Be7 7. a4 a6 8. c3 O-O 9. Nbd2 cxd4 10. exd4 h6 11. Qe2 Re8 12. Rad1 d6 13. Ba2 Qc7 14.
Rfe1 Nbd7 15. Bb1 Bf8 16. h4 Bd5 17. Qd3 Qb7 18. Nf1 b5 19. axb5 axb5 20. Ng3 Bxf3 21. gxf3 e5 22. dxe5 dxe5 23. Be3 Qxf3 24. Qxb5 Rab8 25.
Qe2 Qb7 26. b4 Nd5 27. Be4 N7f6 28. Bg2 Nxc3 29. Qc2 Qxb4 30. Bd2 Rec8 31. Rb1 Qc4 32. Rxb8 Ne2+ 33. Rxe2 Qxc2 34. Rxc8 Qxc8 35. Kh2 Ng4+ 36. Kg1 Qc2 37. Bf3 Nf6 38. Kg2 e4 39. Nxe4 Nxe4 40.
Bxe4 Qd1 41. Bf3 1-0

[Event "*** SCC Grand Prix: Titled Tuesday Blitz"]
[Site "Chess.com"]
[Date "2020.06.02"]
[Round "7"]
[White "SketchyMoves"]
[Black "profofchess"]
[Result "1-0"]
[WhiteElo "2648"]
[BlackElo "2459"]
[TimeControl "180+1"]
[EndTime "11:20:42 PDT"]
[Termination "SketchyMoves won by resignation"]

1. e4 e6 2. f4 d5 3. e5 d4 4. Nf3 c5 5. c3 Nh6 6. Na3 Be7 7. Bd3 Bd7 8. Nc2 Nc6 9. O-O Qb6 10.
c4 a5 11. Be4 Nb4 12. a3 Nxc2 13. Qxc2 Bc6 14. Re1 Bxe4 15. Rxe4 O-O 16. d3 a4 17. Bd2 Qc6 18. Rae1 b5 19. cxb5 Qxb5 20. Bc1 Rab8 21. Nd2 Nf5 22. Nc4 h5 23. g3 g6 24.
Qe2 Bd8 25. Rf1 Bc7 26. Kg2 Ne7 27. h3 Nd5 28. g4 hxg4 29. hxg4 Kg7 30. f5 Rh8 31.
Qf3 exf5 32. gxf5 Qd7 33. Bg5 gxf5 34. Rh4 Rxh4 35. Bxh4 Rg8 36. Qxf5 Kf8+ 37. Bg3 Qxf5 38. Rxf5 Ke7 39. Kf3 Ke6 40. Rh5 f6 41. Bh2 Rg7 42. exf6 Rf7 43. Bxc7 Nxc7 44. Rxc5 Rxf6+ 45. Ke4 Ne8 46. Rc6+ Kd7 47. Rxf6 Nxf6+ 48. Kxd4 Kc6 49. Ne5+ Kb5 50.
Nc4 Kc6 51. Nd2 Kb5 52. Ne4 Nd7 53. Nc3+ Ka5 54. Kd5 Nb6+ 55. Kc6 Nc8 56. d4 Ne7+ 57. Kc5 Nf5 58. d5 Ne3 59. d6 Ng4 60. d7 Ne5 61.
d8=Q+ 1-0

[Event "*** SCC Grand Prix: Titled Tuesday Blitz"]
[Site "Chess.com"]
[Date "2020.06.02"]
[Round "7"]
[White "c63_amg"]
[Black "MomchilPetkov"]
[Result "0-1"]
[WhiteElo "2681"]
[BlackElo "2545"]
[TimeControl "180+1"]
[EndTime "11:20:42 PDT"]
[Termination "MomchilPetkov won by resignation"]

1. e4 c5 2. Nf3 d6 3. d4 cxd4 4. Qxd4 Nf6 5. Bg5 a6 6. Nc3 Nc6 7. Qd2 e6 8. Bc4 Be7 9. O-O O-O 10. a4 Qc7 11. Ba2 b6 12. Rad1 Rd8 13. Rfe1 Bb7 14. Bh4 Rac8 15. h3 Ne5 16. Nxe5 dxe5 17. Qe2 Bb4 18. Bxf6 gxf6 19. Qg4+ Kh8 20. Qh4 Qe7 21.
Rxd8+ Rxd8 22. Re3 Rg8 23. Ne2 f5 24. Qxe7 Bxe7 25.
exf5 Rxg2+ 26. Kf1 Rh2 27. fxe6 fxe6 28. Bxe6 Bc5 29.
Rxe5 Rxf2+ 30. Ke1 Rh2 31. Bd5 Bxd5 32. Rxd5 Rxh3 33. a5 Be3 34. Kf1 Rf3+ 35. Ke1 Rh3 36. Kf1 Rf3+ 37. Ke1 bxa5 38. Rd3 Bf2+ 39. Kf1 Rxd3 40.
cxd3 Bb6 41. Nc3 Kg7 42. Kg2 Bd4 43. Kf3 Bxc3 44. bxc3 a4 0-1

[Event "*** SCC Grand Prix: Titled Tuesday Blitz"]
[Site "Chess.com"]
[Date "2020.06.02"]
[Round "7"]
[White "alexsergeyev"]
[Black "Love_craft"]
[Result "1/2-1/2"]
[WhiteElo "2319"]
[BlackElo "2448"]
[TimeControl "180+1"]
[EndTime "11:20:42 PDT"]
[Termination "Game drawn by repetition"]

1. d4 Nf6 2. c4 g6 3. Nc3 Bg7 4. Bg5 h6 5. Bh4 O-O 6. e3 c6 7. Nf3 d5 8. Rc1 Be6 9. Qb3 b6 10. Ne5 g5 11. Bg3 Nh5 12. cxd5 cxd5 13. f4 Nxg3 14.
hxg3 f6 15. Nf3 Nc6 16. Bd3 Rc8 17. Bb1 g4 18. Qc2 f5 19. Ne5 Nxe5 20. fxe5 b5 21. Qb3 a6 22. O-O h5 23. Ne2 Bh6 24.
Nf4 Rxc1 25. Rxc1 Bxf4 26. exf4 Qd7 27. Rc5 Rc8 28. Qc3 Rxc5 29. Qxc5 Kf7 30. Kf2 Qc8 31. Ke3 Qxc5 32. dxc5 Bd7 33. Kd4 e6 34. Kc3 Bc6 35. Kd4 Ke7 36. Bd3 Kd7 37. a4 Kc7 38. a5 Kd7 39. b4 Ke7 40. Bc2 Kd7 41. Bd3 Ke7 42. Bc2 Kd7 43. Bd3 1/2-1/2

[Event "*** SCC Grand Prix: Titled Tuesday Blitz"]
[Site "Chess.com"]
[Date "2020.06.02"]
[Round "7"]
[White "IwkooO"]
[Black "praveenb2002"]
[Result "1-0"]
[WhiteElo "2581"]
[BlackElo "2717"]
[TimeControl "180+1"]
[EndTime "11:20:43 PDT"]
[Termination "IwkooO won by checkmate"]

1. e4 c6 2. d4 d5 3. e5 Bf5 4.
Nd2 e6 5. Nb3 Nd7 6. Nf3 Ne7 7.
Be2 Nc8 8. O-O a5 9. a4 Be7 10. Ne1 O-O 11. Bd3 Bg6 12. Bxg6 hxg6 13. Nd3 Qc7 14. Qg4 c5 15. Nbxc5 Nxc5 16. dxc5 Bxc5 17. h4 Ne7 18. h5 gxh5 19. Qxh5 Nf5 20. Qg4 Bd4 21.
Qe2 Ng3 22. Qg4 Nf5 23. Qe2 Rfc8 24. c3 Bb6 25. Bf4 Qc4 26. Rfd1 Rc7 27. g4 Nh4 28. Bg3 Ng6 29. Kg2 Rac8 30. Nc1 Nf4+ 31. Bxf4 Qxf4 32. Nd3 Qe4+ 33. Qxe4 dxe4 34. Nf4 Rc5 35. Rd7 Bc7 36. Rad1 Rxe5 37. Ne2 e3 38. f4 Re4 39. Re7 Bxf4 40. Kf3 Rxa4 41. Nxf4 Ra2 42. Rxb7 a4 43. Rdd7 a3 44. Rxf7 Rc6 45. Rxg7+ Kf8 46. Ng6+ Ke8 47.
Rg8# 1-0

[Event "*** SCC Grand Prix: Titled Tuesday Blitz"]
[Site "Chess.com"]
[Date "2020.06.02"]
[Round "7"]
[White "AungTZ"]
[Black "checkmatequen"]
[Result "1-0"]
[WhiteElo "1955"]
[BlackElo "2246"]
[TimeControl "180+1"]
[EndTime "11:20:44 PDT"]
[Termination "AungTZ won by checkmate"]

1. e4 c5 2. Nf3 e6 3. d4 cxd4 4. Nxd4 a6 5. Nc3 b5 6. a3 Bb7 7. Bd3 Nf6 8. O-O Qc7 9. Qe2 d6 10. Be3 Nbd7 11. Kh1 Ne5 12. f4 Neg4 13. Bg1 h5 14.
Rae1 h4 15. h3 Nh5 16. Qxg4 Ng3+ 17. Kh2 Nxf1+ 18. Rxf1 O-O-O 19. f5 d5+ 20. Kh1 dxe4 21. Bxe4 Bc5 22. fxe6 Bxd4 23. e7+ Rd7 24. Bxd4 Bxe4 25. Nxe4 Kb8 26. Nc5 Rd6 27. Re1 Re8 28. Qe4 g6 29.
b4 f5 30. Qe3 Kc8 31. c3 Rc6 32. Qf3 f4 33. Qg4+ Kb8 34. Be5 Rd6 35. Nxa6+ Rxa6 36. Bxc7+ Kxc7 37. Qxf4+ Kd7 38. Qxh4 Rd6 39. Qg5 Kc7 40. Qxb5 Rb8 41. Qxb8+ Kxb8 42. e8=Q+ Kb7 43. Re7+ Kb6 44. Qb8+ Kc6 45. Qc7+ Kb5 46. Qxd6 Ka4 47. Qd5 g5 48. Ra7# 1-0

[Event "*** SCC Grand Prix: Titled Tuesday Blitz"]
[Site "Chess.com"]
[Date "2020.06.02"]
[Round "7"]
[White "stolencandy13"]
[Black "abhidabhi"]
[Result "1-0"]
[WhiteElo "2577"]
[BlackElo "2705"]
[TimeControl "180+1"]
[EndTime "11:20:45 PDT"]
[Termination "stolencandy13 won by resignation"]

1. e4 e5 2. Nf3 Nc6 3. Nc3 Nf6 4. d4 exd4 5. Nxd4 Bb4 6. Nxc6 bxc6 7. Bd3 d5 8. exd5 O-O 9. O-O cxd5 10. h3 c6 11. Qf3 Re8 12. Bf4 Be6 13. Ne2 Bd6 14. Rfe1 a5 15. Rad1 a4 16. c4 Bxf4 17. Nxf4 Qd6 18.
cxd5 Bxd5 19. Nxd5 Rxe1+ 20. Rxe1 cxd5 21. Qe3 a3 22. b3 h6 23. Qd4 Rc8 24. b4 Qc7 25. b5 Qc3 26. Qxc3 Rxc3 27. b6 Rxd3 28. b7 Nd7 29. Re7 Rd1+ 30. Kh2 Nb8 31. Re8+ Kh7 32. Rxb8 Rb1 33. Kg3 Rb2 34. Kf3 Kg6 35. Ke3 Rb4 36. Kd3 d4 37. g3 h5 38. Ke4 Kf6 39. h4 g6 40. f3 Ke7 41. g4 Kf6 42. g5+ Ke7 43. Kd3 Rb2 44. Kxd4 Rb1 45. Ke4 Rb4+ 46. Ke3 Rb2 47. Kd3 Rb4 48. Kc3 Rb2 49. f4 Rb5 50. Kc4 Rb2 51. f5 gxf5 52. g6 fxg6 53. Rh8 1-0

[Event "*** SCC Grand Prix: Titled Tuesday Blitz"]
[Site "Chess.com"]
[Date "2020.06.02"]
[Round "7"]
[White "AlexSuv"]
[Black "arminmusovic"]
[Result "1-0"]
[WhiteElo "2718"]
[BlackElo "2531"]
[TimeControl "180+1"]
[EndTime "11:20:45 PDT"]
[Termination "AlexSuv won by resignation"]

1. d4 d5 2. Bf4 c5 3. e3 Nc6 4. c3 a6 5. Nd2 Nf6 6. Ngf3 Bg4 7.
h3 Bh5 8. Be2 e6 9. O-O Bd6 10.
Ne5 Bxe2 11. Qxe2 O-O 12. Bg3 Rc8 13. f4 cxd4 14. exd4 Qb6 15. Rab1 Rfe8 16. Bh4 Be7 17. Bxf6 Bxf6 18. Nd7 Qd8 19. Ne5 g6 20. Ndf3 Bg7 21.
Rbe1 f6 22. Nd3 Bf8 23. Qf2 Qa5 24. a3 Qb5 25. Rd1 Na5 26. Rfe1 Nc4 27. g4 Qd7 28. g5 e5 29. fxe5 fxg5 30. Nxg5 Bh6 31. h4 Qg4+ 32. Qg2 Qxh4 33. Qxd5+ Kh8 34. Nf7+ Kg7 35. Nxh6 Qxh6 36. e6 Rc6 37. Qd7+ Kf6 38. Rf1+ Kg5 39. Qxe8 Qh3 40. Qe7+ Kh6 41. Qf8+ Kg5 42. Qf6+ Kh6 43. Qf8+ Kg5 44. Qf3 Qxe6 45. Rde1 Qd6 46. Ne5 Nxe5 47. Rxe5+ Kh6 48.
Qf4+ Kg7 49. Qf7+ Kh6 50. Rf2 1-0

[Event "*** SCC Grand Prix: Titled Tuesday Blitz"]
[Site "Chess.com"]
[Date "2020.06.02"]
[Round "7"]
[White "saikrishnaReturns"]
[Black "MrChampion_Coach"]
[Result "1-0"]
[WhiteElo "2644"]
[BlackElo "2454"]
[TimeControl "180+1"]
[EndTime "11:20:45 PDT"]
[Termination "saikrishnaReturns won on time"]

1. e4 c5 2. Nf3 e6 3. d4 cxd4 4.
Nxd4 Nc6 5. Nc3 Qc7 6. Be3 a6 7. Bd3 Nf6 8. O-O Nxd4 9. Bxd4 Bc5 10. Bxf6 gxf6 11. Qg4 Kf8 12. Rae1 h5 13. Qh4 b5 14. Qxf6 Rg8 15. Qh6+ Rg7 16. Qxh5 Bb7 17. Kh1 Kg8 18.
f4 Rh7 19. Qf3 Kh8 20. a4 b4 21. Nd1 Rg8 22. Ne3 Bd4 23. b3 f5 24. Nc4 d5 25.
exf5 dxc4 26. Be4 Bxe4 27. Rxe4 e5 28. bxc4 Bc3 29. f6 exf4 30. Qxf4 Qxf4 31. Rfxf4 Rd8 32. h4 Rf7 33. Re6 Rd4 34. Rxd4 Bxd4 35. Re8+ Kh7 36. Re7 Kg6 37. Rxf7 Kxf7 38. g4 Bf2 39. h5 Kxf6 40. Kg2 Bb6 41. Kf3 Kg5 42. Ke4 Kxg4 43. h6 Bd8 44. h7 Bf6 45. c5 b3 46. cxb3 Kg5 47. c6 Be5 48. Kxe5 1-0